 Dungeon Crawl Stone Soup version 0.18-a0-1147-g8e8348b (webtiles) character file.

102 patman the Skirmisher (level 4, -2/41 HPs)
             Began as a Centaur Abyssal Knight on Jan 22, 2016.
             Was a Believer of Lugonu.
             Slain by an adder (4 damage)
             ... on level 2 of the Dungeon.
             The game lasted 00:03:32 (2328 turns).

patman the Skirmisher (Centaur Abyssal Knight)      Turns: 2328, Time: 00:03:32

Health: -2/41      AC:  5    Str: 15    XL:     4   Next: 50%
Magic:  5/5        EV:  9    Int: 11    God:    Lugonu [**....]
Gold:   113        SH:  0    Dex:  9    Spells: 0 memorised, 3 levels left

rFire  . . .     SeeInvis .     t - +2 whip (flame)
rCold  . . .     Gourm    .     b - +0 leather armour
rNeg   . . .     Faith    .     (no shield)
rPois  .         Spirit   .     g - +0 helmet
rElec  .         Dismiss  .     (no cloak)
rCorr  .         Reflect  .     (no gloves)
SustAt .         Harm     .     (no barding)
MR     .....                    (no amulet)
Stlth  ..........               (no ring)
                                (no ring)

@: very quick, not resistant to hostile enchantments, extremely unstealthy
A: hooves 3, deformed body, speed 2, tough skin 3
a: Depart the Abyss, Bend Space, Renounce Religion


You were on level 2 of the Dungeon.
You worshipped Lugonu.
Lugonu was pleased with you.
You were hungry.

You visited 1 branch of the dungeon, and saw 3 of its levels.
You visited the Abyss 1 time.

You collected 113 gold pieces.

Inventory:

Hand Weapons
 a - a +1 mace
 t - a +2 whip of flaming (weapon)
Missiles
 i - 131 stones (quivered)
Armour
 b - a +0 leather armour (worn)
 g - a +0 helmet (worn)
Jewellery
 s - an uncursed ring of fire
Scrolls
 e - a scroll of fear {unknown}
 f - a scroll of random uselessness {unknown}
 j - a scroll of enchant weapon {unknown}
 k - 3 scrolls of identify {unknown}
 n - a scroll of remove curse {unknown}
Potions
 h - a potion of flight {unknown}
 l - 2 potions of might {unknown}
 o - 2 potions of resistance {unknown}
 p - a potion of poison {unknown}
 r - a potion of beneficial mutation {unknown}
Comestibles
 c - 3 bread rations
 d - a royal jelly
 m - 2 beef jerkies
 q - 2 fruits


   Skills:
 + Level 4.4 Fighting
 - Level 2.2 Maces & Flails
 - Level 1.9 Armour
 - Level 0.9 Dodging
 - Level 0.1 Stealth
 - Level 2.4 Invocations


You had 3 spell levels left.
You didn't know any spells.

Dungeon Overview and Level Annotations

Branches:
Dungeon (3/15)

Altars:


Innate Abilities, Weirdness & Mutations

You have hooves in place of feet.
Armour fits poorly on your strangely shaped body.
You cover ground very quickly.
You have extremely tough skin (AC +3).


Message History

You hit the adder. You burn the adder.
The adder is heavily wounded.
The adder misses you. The adder bites you but does no damage.
You hit the adder. You burn the adder.
The adder is severely wounded.
The adder bites you.
* * * LOW HITPOINT WARNING * * *
You completely miss the adder.
The adder is severely wounded.
The adder bites you but does no damage.
You closely miss the adder.
The adder is severely wounded.
The adder bites you.
* * * LOW HITPOINT WARNING * * *
The adder bites you.
* * * LOW HITPOINT WARNING * * *
You closely miss the adder. Your kick misses the adder.
The adder is severely wounded.
The adder bites you.
You die...

...... #. ......
#. . ....... #. ..
....... #. ...
....... # #. ....
...... #.
#.###..... ###....
##.##>S.......
.....(. #.....@#
##.... #......#
#.... #......#
#....
#......#########
####.
##..............#
#..
#...............#
#.#
##.≈≈≈...........#
#†#
#..≈?≈...##...#.##
..#
#..≈≈≈...##...#.#
#.###


You could see an adder.

Vanquished Creatures
  A gnoll (D:2)
  4 adders (D:2)
  An ooze (D:2)
  2 worms (D:2)
  A giant gecko (D:1)
  4 giant cockroaches
  2 goblins
  10 hobgoblins
  A quokka (D:2)
  4 bats
  4 giant newts
  8 kobolds
  6 rats
48 creatures vanquished.

Notes
Turn   | Place    | Note
--------------------------------------------------------------
     0 | Abyss:1  | patman the Centaur Abyssal Knight began the quest for the Orb.
     0 | Abyss:1  | Reached XP level 1. HP: 19/19 MP: 2/2
    52 | Abyss:1  | Noticed a hellion
    54 | D:1      | Escaped the Abyss
   354 | D:1      | Reached * piety under Lugonu
   354 | D:1      | Reached XP level 2. HP: 26/26 MP: 3/3
   861 | D:2      | Reached XP level 3. HP: 26/31 MP: 4/4
  1597 | D:2      | Reached skill level 4 in Fighting
  1597 | D:2      | Reached XP level 4. HP: 13/40 MP: 5/5
  2032 | D:2      | Reached ** piety under Lugonu
  2327 | D:2      | HP: 2/41 [adder (4)]
  2328 | D:2      | Slain by an adder

Vault maps used:
D:1:      eino_arrival_cavern_b, minmay_liquid_box, st_stairs_4
D:2:      corexii_item_surrounded_by_moat
D:3:      grunt_gozag_breadcrumbs, first_bread, hangedman_decor_points
Abyss:1:  evilmike_abyss_exit_mutagenic

Action                   |  1- 3 |  4- 6 || total
-------------------------+-------+-------++-------
Melee: Mace              |    94 |    29 ||   123
       Whip              |       |    19 ||    19
Throw: Stone             |       |     8 ||     8
Invok: Depart the Abyss  |     1 |       ||     1
  Eat: Chunk             |     1 |     2 ||     3
